 Seeded DCSS version 0.27-a0-590-g9424416 (webtiles) character file.

Game seed: 3796564419332513051 (custom seed)

77298 GeorgeSoros the Thaumaturge (level 15, -1/115 HPs)
             Began as a Gnoll Necromancer on Mar 9, 2021.
             Was the Champion of Kikubaaqudgha.
             Slain by a spark wasp (4 damage)
             ... on level 1 of the Spider Nest on Mar 10, 2021.
             The game lasted 02:15:59 (30355 turns).

GeorgeSoros the Thaumaturge (Gnoll Necromancer)    Turns: 30355, Time: 02:16:00

Health: -1/115     AC: 25    Str: 12    XL:     15   Next: 56%
Magic:  30/30      EV: 16    Int: 27    God:    Kikubaaqudgha [******]
Gold:   1153       SH:  0    Dex: 13    Spells: 13/36 levels left

rFire    + . .     SeeInvis +   b - +9 scimitar "Qosay" {speed, rElec rF+ Int+4}
rCold    + . .     Faith    .   (no shield)
rNeg     + . .     Spirit   .   D - +0 acid dragon scales
rPois    +         Reflect  .   L - +2 helmet {Int+3}
rElec    +         Harm     .   V - +0 cloak
rCorr    +         Rampage  .   W - +0 pair of gloves
Will     +....                  G - +1 pair of boots
Stlth    +++.......             c - amulet of regeneration
HPRegen  0.00/turn              i - ring of Fegoigot {rElec rN+ AC+4 SInv Stlth-}
MPRegen  0.22/turn              p - ring "Ginaaromm" {rElec rPois rC+ AC+4 Str+4}

@: studying 2 skills
A: fangs 1, inhibited regeneration, strong nose, distributed training
a: Renounce Religion, Receive Corpses, Torment


You were on level 1 of the Spider Nest.
You worshipped Kikubaaqudgha.
Kikubaaqudgha was exalted by your worship.
You visited 4 branches of the dungeon, and saw 20 of its levels.

You collected 2138 gold pieces.
You spent 985 gold pieces at shops.

Inventory:

Hand Weapons
 a - the +9 short sword "Louviduj" {drain, rF+++ rC- MP+9}
   (You found it on level 4 of the Dungeon)

   A truly terrible weapon, it drains the life of those it strikes.
   It renders you almost immune to fire.
   It makes you vulnerable to cold.
   It affects your magic capacity (+9).
 b - the +9 scimitar "Qosay" (weapon) {speed, rElec rF+ Int+4}
   (You bought it in a shop on level 10 of the Dungeon)

   Attacks with this weapon are significantly faster.
   It affects your intelligence (+4).
   It protects you from fire.
   It insulates you from electricity.
 y - the +6 great sword "Roratze" {vorpal, rElec rN+}
   (You bought it in a shop on level 2 of the Orcish Mines)

   It inflicts extra damage upon your enemies.
   It insulates you from electricity.
   It protects you from negative energy.
 U - the +7 flail "Kegyevig" {pain, rC++ Int+3 Dex-3 Stlth+}
   (You found it on level 1 of the Spider Nest)

   In the hands of one skilled in necromantic magic, it inflicts extra damage on
   living creatures.
   It affects your intelligence (+3).
   It affects your dexterity (-3).
   It greatly protects you from cold.
   It makes you more stealthy.
Armour
 x - a +1 leather armour of poison resistance
 A - a scarf of repulsion
 D - +0 acid dragon scales (worn)
 G - a +1 pair of boots (worn)
 L - a +2 helmet of intelligence (worn)
 V - a +0 cloak (worn)
 W - a +0 pair of gloves (worn)
Magical Staves
 w - a staff of death
Jewellery
 c - an amulet of regeneration (around neck)
 e - a ring of resist corrosion
 i - the ring of Fegoigot (right hand) {rElec rN+ AC+4 SInv Stlth-}
   (You found it on level 6 of the Lair of Beasts)

   [ring of protection]

   It affects your AC (+4).
   It insulates you from electricity.
   It protects you from negative energy.
   It lets you see invisible.
   It makes you less stealthy.
 p - the ring "Ginaaromm" (left hand) {rElec rPois rC+ AC+4 Str+4}
   (You found it on level 2 of the Lair of Beasts)

   [ring of protection]

   It affects your AC (+4).
   It affects your strength (+4).
   It protects you from cold.
   It insulates you from electricity.
   It protects you from poison.
 N - an amulet of reflection
 X - a ring of wizardry
Wands
 q - a wand of paralysis (8)
 F - a wand of acid (14)
 J - a wand of charming (18)
 Q - a wand of polymorph (25)
 R - a wand of iceblast (23)
 Y - a wand of digging (7)
Scrolls
 f - 2 scrolls of identify
 h - 3 scrolls of amnesia
 j - a scroll of torment
 k - 3 scrolls of teleportation
 t - 3 scrolls of fear
 u - 2 scrolls of immolation
 v - 2 scrolls of magic mapping
 E - 5 scrolls of enchant armour
 I - 5 scrolls of enchant weapon
 K - a scroll of fog
 O - a scroll of blinking
 T - 4 scrolls of vulnerability
 Z - a scroll of brand weapon
Potions
 d - 3 potions of mutation
 g - 9 potions of ambrosia
 l - 3 potions of magic
 m - a potion of invisibility
 n - a potion of berserk rage
 o - 2 potions of curing
 r - 4 potions of flight
 s - 6 potions of might
 z - 5 potions of haste
 C - 5 potions of brilliance
 H - 2 potions of heal wounds
 M - 4 potions of resistance
Miscellaneous
 B - a condenser vane
 P - a box of beasts
 S - a lightning rod (4/4)


   Skills:
 + Level 10.1 Fighting
 + Level 10.1 Short Blades
 + Level 10.1 Long Blades
 + Level 10.1 Axes
 + Level 10.1 Maces & Flails
 + Level 10.1 Polearms
 + Level 10.1 Staves
 + Level 10.1 Slings
 + Level 10.1 Bows
 + Level 10.1 Crossbows
 + Level 10.1 Throwing
 + Level 10.9 Armour
 + Level 11.0 Dodging
 + Level 10.9 Stealth
 + Level 10.1 Shields
 + Level 10.1 Unarmed Combat
 + Level 11.2 Spellcasting
 + Level 8.5 Conjurations
 + Level 8.5 Hexes
 + Level 8.5 Summonings
 + Level 11.0 Necromancy
 + Level 9.1 Translocations
 + Level 8.5 Transmutations
 + Level 8.5 Fire Magic
 + Level 8.5 Ice Magic
 + Level 8.5 Air Magic
 + Level 8.5 Earth Magic
 + Level 8.5 Poison Magic
 + Level 11.0 Invocations
 + Level 10.1 Evocations


You had 13 spell levels left.
You knew the following spells:

 Your Spells              Type           Power      Damage    Failure   Level
a - Pain                  Necr           100%       1d9       1%          1
b - Vampiric Draining     Necr           32%        2d10      1%          3
c - Animate Dead          Necr           32%        N/A       1%          4
d - Dispel Undead         Necr           65%        3d22      1%          4
e - Agony                 Necr           65%        N/A       1%          5
f - Death Channel         Necr           32%        N/A       9%          6

Your spell library contained the following spells:

 Spells                   Type           Power      Damage    Failure   Level
 Animate Skeleton         Necr           100%       N/A       1%          1
 Beastly Appendage        Tmut           100%       N/A       1%          1
 Sublimation of Blood     Necr           32%        N/A       1%          2
 Wereblood                Tmut           57%        N/A       1%          2
 Dazzling Flash           Conj/Hex       100%       N/A       1%          3
 Spider Form              Tmut/Pois      28%        N/A       1%          3
 Ice Form                 Ice/Tmut       57%        N/A       1%          4
 Excruciating Wounds      Necr           32%        N/A       1%          5
 Alistair's Intoxication  Tmut/Pois      38%        N/A       4%          5
 Blade Hands              Tmut           28%        N/A       4%          5
 Bolt of Magma            Conj/Fire/Erth 28%        4d13      4%          5
 Irradiate                Conj/Tmut      28%        3d23      4%          5
 Iskenderun's Battlesphe  Conj           57%        2d11      4%          5
 Simulacrum               Ice/Necr       30%        N/A       14%         6
 Hydra Form               Tmut           28%        N/A       24%         6
 Iron Shot                Conj/Erth      28%        9d6       24%         6
 Statue Form              Tmut/Erth      38%        N/A       24%         6
 Dragon Form              Tmut           28%        N/A       78%         7
 Orb of Destruction       Conj           28%        9d11      78%         7
 Spellforged Servitor     Conj/Summ      28%        N/A       78%         7
 Borgnjor's Revivificati  Necr           32%        N/A       98%         8
 Infestation              Necr           32%        N/A       98%         8
 Necromutation            Tmut/Necr      30%        N/A       99%         8
 Death's Door             Necr           32%        N/A       100%        9


Dungeon Overview and Level Annotations

Branches:
Dungeon (10/15)            Temple (0/1) D:5            Lair (6/6) D:10
 Shoals (0/4) Lair:3       Spider (2/4) Lair:4        Slime (0/5) Lair:5
    Orc (2/2) D:10            Elf (0/3) Orc:2

Altars:
Fedhas
Kikubaaqudgha
Nemelex Xobeh
Qazlal
Trog
Vehumet
Wu Jian
Xom
Zin
Beogh
Jiyva

Shops:
D:6 :*[*   D:7 (![(   D:9 (   D:10 (   Orc:2 ?=?(

Annotations:
D:2 Terence
D:9 1 runed translucent door


Innate Abilities, Weirdness & Mutations

You have very sharp teeth.
Your uncanny sense of smell can sniff out nearby items.
Your experience applies equally to all skills.
You do not regenerate when monsters are visible.


Message History

You climb upwards.
There is a stone staircase leading down here.
You slash the spark wasp!
The spark wasp is heavily wounded.
The spark wasp stings you but does no damage.
You hit the spark wasp.
The spark wasp is heavily wounded.
The spark wasp barely misses you.
You slash the spark wasp! Your bite misses the spark wasp.
The spark wasp is heavily wounded.
Your unholy channel expires.
The spark wasp closely misses you.
You closely miss the spark wasp.
The spark wasp is heavily wounded.
The spark wasp stings you but does no damage.
You hit the spark wasp but do no damage.
The spark wasp is heavily wounded.
The spark wasp completely misses you.
You closely miss the spark wasp. You punch the spark wasp.
The spark wasp is heavily wounded.
You hit the spark wasp.
The spark wasp is severely wounded.
The spark wasp stings you!
* * * LOW HITPOINT WARNING * * *
The spark wasp shocks you. You resist.
* * * LOW HITPOINT WARNING * * *
You slash the spark wasp! Your punch misses the spark wasp.
The spark wasp is almost dead.
The spark wasp stings you but does no damage.
You hit the spark wasp.
The spark wasp is almost dead.
The spark wasp bursts into living lightning!
The living lightning misses you.
The living lightning hits you but does no damage.
The spark wasp blinks!
The spark wasp closely misses you. The spark wasp stings you!
* * * LOW HITPOINT WARNING * * *
The spark wasp shocks you. You resist.
You die...
Kikubaaqudgha rasps: "You have failed me!
Welcome... death!"

#.#...##.[..................##..#
.#..##......................^..##
#..###.#....########^#....#......
#### #.###.#########.##..........
# #.#####.#..)...####.##..##.#
######...##.#.##.#######...######
#.#......###........##.##.##
..#.#.##..##.#.ยง##.....####
#.^.#..##.>..##>@y##....#
#.#..#.....#^.##.....####
.##...#.#..#...#.#.#..#
....#...#...#..#.##.^###
..#.#..#..#.##....#....#
#.......#..##.#>.#.....####
##.#.##..#.....##...#...#.##
.#.#.#.#...#..#.#...#.#..#.#
.......#.###..#.######.....#


You could see a spark wasp.

Vanquished Creatures
  The ghost of Grijm the Severer, a journeyman DDIE of Makhleb (Orc:1)
  The ghost of Wairalebb the Basher, a journeyman BaFi of Cheibriados (Lair:4)
  A death ooze (Lair:2)
  A fire dragon (Lair:6)
  6 hydras
  The ghost of Zoobame the Devastator, a journeyman DEWz of Sif Muna (Lair:2)
  2 catoblepae
  Erolcha (D:10)
  An ogre mage (Orc:2)
  Erica (D:8)
  2 two-headed ogres
  An orc high priest (Orc:1)
  Urug (Lair:4)
  3 skeletal warriors (D:10)
  A swamp dragon (Lair:6)
  Pikel (D:6)
  11 wolf spiders
  8 orc sorcerers (Orc:2)
  5 orb spiders
  Maurice (D:8)
  4 elephants (Lair:5)
  A moth of wrath (Spider:1)
  A guardian serpent (Lair:6)
  3 torpor snails
  11 cane toads
  5 black mambas
  Maggie (Lair:1)
  8 rime drakes
  3 komodo dragons
  2 demonic crawlers (Spider:1)
  3 trolls
  7 jumping spiders
  A merfolk (Lair:3)
  A polar bear (Lair:3)
  Prince Ribbit (D:7)
  5 slime creatures
  Grinder (D:6)
  2 hornets (Lair:6)
  18 blink frogs
  23 redbacks
  39 yaks
  16 tarantellas
  9 wyverns
  4 basilisks
  5 wargs
  Duvessa (D:5)
  2 acid dragons
  17 water moccasins
  A hydra simulacrum (Lair:4)
  18 orc warriors
  A black bear (D:9)
  A sky beast (D:6)
  2 necrophages
  15 ogres
  10 wolves
  3 centaurs
  A kobold brigand (D:8)
  19 bullfrogs
  Dowan (D:5)
  A blink frog simulacrum (Lair:4)
  3 scorpions
  An elephant simulacrum (Lair:4)
  20 killer bees
  An electric eel (Spider:1)
  A howler monkey (D:10)
  A rime drake simulacrum (Lair:4)
  A quasit (D:8)
  10 jellies
  17 orc priests
  4 hounds
  An iguana (Lair:6)
  33 orc wizards
  5 hell rats (Lair:5)
  2 worker ants
  A hound zombie (D:7)
  7 gnolls
  2 howler monkey skeletons (D:5)
  8 adders
  A shadow imp (D:5)
  A white imp (D:5)
  An ufetubus (D:8)
  An ooze (D:6)
  4 worms
  10 dart slugs
  7 leopard geckos
  76 orcs
  A ball python (D:3)
  8 giant cockroaches
  6 goblins
  4 hobgoblins
  9 jackals
  4 quokkas
  4 bats
  2 frilled lizards
  A giant cockroach zombie (D:3)
  2 jackal skeletons
  6 kobolds
  7 rats
  3 butterflies
593 creatures vanquished.

Vanquished Creatures (collateral kills)
  A hydra (Lair:6)
  An ogre mage (Orc:2)
  3 orb spiders (Spider:1)
  2 elephants (Lair:5)
  A merfolk siren (Lair:3)
  3 black mambas (Lair:6)
  3 cane toads (Lair:6)
  A rime drake (Lair:4)
  A merfolk (Lair:3)
  2 jumping spiders (Spider:2)
  2 trolls (Orc:1)
  2 hornets
  8 blink frogs
  7 redbacks
  17 yaks
  4 tarantellas
  4 wyverns (Lair:6)
  3 basilisks
  2 acid dragons (Lair:6)
  2 water moccasins (Lair:6)
  2 orc warriors (Orc:1)
  An ogre (Orc:2)
  A wolf (Lair:5)
  2 orc priests (Orc:1)
  2 iguanas (Lair:6)
  6 orc wizards
  4 orcs
  3 kobolds (D:8)
90 creatures vanquished.

Vanquished Creatures (others)
  A redback (Spider:1)
  A tarantella (Spider:1)
  An ogre (Orc:2)
  2 orc wizards (Orc:2)
  2 bushes
  49 fungi
  97 plants
153 creatures vanquished.

Grand Total: 836 creatures vanquished

Notes
Turn   | Place    | Note
-------+----------+-------------------------------------------
     0 | D:1      | GeorgeSoros the Gnoll Necromancer began the quest for the
                  | Orb.
     0 | D:1      | Reached XP level 1. HP: 13/13 MP: 6/6
   599 | D:1      | Reached XP level 2. HP: 18/19 MP: 5/7
   697 | D:2      | Found an ancient bone altar of Kikubaaqudgha.
   776 | D:2      | Became a worshipper of Kikubaaqudgha
  1280 | D:2      | Found a bloodstained altar of Trog.
  1285 | D:2      | Reached skill level 5 in Spellcasting
  1285 | D:2      | Reached XP level 3. HP: 21/25 MP: 3/9
  1413 | D:2      | Noticed Terence
  1472 | D:2      | Reached skill level 1 in Invocations
  1562 | D:1      | Learned a level 3 spell: Vampiric Draining
  2118 | D:3      | Reached skill level 1 in Fighting
  2118 | D:3      | Reached skill level 1 in Short Blades
  2118 | D:3      | Reached skill level 1 in Long Blades
  2118 | D:3      | Reached skill level 1 in Axes
  2118 | D:3      | Reached skill level 1 in Maces & Flails
  2118 | D:3      | Reached skill level 1 in Polearms
  2118 | D:3      | Reached skill level 1 in Staves
  2118 | D:3      | Reached skill level 1 in Slings
  2118 | D:3      | Reached skill level 1 in Bows
  2118 | D:3      | Reached skill level 1 in Crossbows
  2118 | D:3      | Reached skill level 1 in Throwing
  2118 | D:3      | Reached skill level 1 in Armour
  2118 | D:3      | Reached skill level 1 in Shields
  2118 | D:3      | Reached skill level 1 in Unarmed Combat
  2118 | D:3      | Reached skill level 1 in Evocations
  2185 | D:3      | Reached XP level 4. HP: 24/32 MP: 3/11
  2537 | D:3      | Found a blossoming altar of Fedhas.
  2638 | D:3      | Reached skill level 1 in Conjurations
  2638 | D:3      | Reached skill level 1 in Hexes
  2638 | D:3      | Reached skill level 1 in Summonings
  2638 | D:3      | Reached skill level 1 in Translocations
  2638 | D:3      | Reached skill level 1 in Transmutations
  2638 | D:3      | Reached skill level 1 in Fire Magic
  2638 | D:3      | Reached skill level 1 in Ice Magic
  2638 | D:3      | Reached skill level 1 in Air Magic
  2638 | D:3      | Reached skill level 1 in Earth Magic
  2638 | D:3      | Reached skill level 1 in Poison Magic
  2645 | D:3      | Reached * piety under Kikubaaqudgha
  2645 | D:3      | Identified Kikubaaqudgha's Collected Works on Dark Secrets
                  | (Kikubaaqudgha gifted it to you on level 3 of the Dungeon)
  2645 | D:3      | Received a gift from Kikubaaqudgha
  3027 | D:3      | Reached XP level 5. HP: 35/37 MP: 9/12
  3084 | D:3      | Found a sparkling altar of Nemelex Xobeh.
  3917 | D:3      | Reached XP level 6. HP: 33/44 MP: 3/13
  4290 | D:4      | Identified the +9 short sword "Louviduj" {drain, rF+++ rC-
                  | MP+9}
  4567 | D:4      | Reached skill level 5 in Dodging
  5148 | D:4      | Found a glowing silver altar of Zin.
  5149 | D:4      | Found a stormy altar of Qazlal.
  5151 | D:4      | Found an ornate altar of the Wu Jian Council.
  5212 | D:5      | Entered Level 5 of the Dungeon
  5229 | D:5      | Reached XP level 7. HP: 9/50 MP: 9/15
  5595 | D:5      | Reached ** piety under Kikubaaqudgha
  5686 | D:5      | Found a staircase to the Ecumenical Temple.
  5696 | D:4      | Learned a level 4 spell: Animate Dead
  6079 | D:5      | Reached skill level 5 in Stealth
  6161 | D:5      | Noticed Dowan
  6161 | D:5      | Noticed Duvessa
  6180 | D:5      | Killed Duvessa
  6181 | D:5      | Reached XP level 8. HP: 48/57 MP: 7/16
  6189 | D:5      | Killed Dowan
  6485 | D:5      | You fall into a shaft and drop 1 floor!
  6536 | D:6      | Found Qeulecagg's Book Boutique.
  6679 | D:6      | Found a shimmering altar of Xom.
  6886 | D:6      | Found Tegilean's Assorted Antiques.
  6903 | D:6      | Noticed Grinder
  6949 | D:6      | Paralysed by Grinder for 5 turns
  6961 | D:6      | Killed Grinder
  7152 | D:6      | Found Jos Unaff's Armour Emporium.
  7235 | D:6      | Found Ceebedghi's Assorted Antiques.
  7254 | D:6      | Noticed Pikel
  7264 | D:6      | Killed Pikel
  7265 | D:6      | Reached XP level 9. HP: 49/65 MP: 18/18
  8312 | D:7      | Found Felumok's Distillery.
  8800 | D:7      | Found Ocriella's Antique Weapon Shoppe.
  8889 | D:7      | Found Doskas's Armour Emporium.
  8892 | D:7      | Bought a +2 helmet of intelligence for 279 gold pieces
  8945 | D:7      | Found Koqiff's Antique Weapon Shop.
  9063 | D:8      | Noticed Maurice
  9063 | D:8      | Noticed a two-headed ogre
  9064 | D:8      | Noticed Erica
  9084 | D:8      | Noticed Prince Ribbit
  9099 | D:7      | Killed Prince Ribbit
  9406 | D:8      | Reached skill level 5 in Invocations
  9576 | D:8      | Killed Maurice
  9576 | D:8      | Reached *** piety under Kikubaaqudgha
  9576 | D:8      | Identified Kikubaaqudgha's Grimoire of Black Secrets
                  | (Kikubaaqudgha gifted it to you on level 8 of the Dungeon)
  9576 | D:8      | Received a gift from Kikubaaqudgha
  9577 | D:8      | Reached XP level 10. HP: 66/73 MP: 20/20
  9676 | D:8      | Reached skill level 5 in Fighting
  9676 | D:8      | Reached skill level 5 in Short Blades
  9676 | D:8      | Reached skill level 5 in Long Blades
  9676 | D:8      | Reached skill level 5 in Axes
  9676 | D:8      | Reached skill level 5 in Maces & Flails
  9676 | D:8      | Reached skill level 5 in Polearms
  9676 | D:8      | Reached skill level 5 in Staves
  9676 | D:8      | Reached skill level 5 in Slings
  9676 | D:8      | Reached skill level 5 in Bows
  9676 | D:8      | Reached skill level 5 in Crossbows
  9676 | D:8      | Reached skill level 5 in Throwing
  9676 | D:8      | Reached skill level 5 in Armour
  9676 | D:8      | Reached skill level 5 in Shields
  9676 | D:8      | Reached skill level 5 in Unarmed Combat
  9676 | D:8      | Reached skill level 5 in Evocations
  9758 | D:8      | Learned a level 4 spell: Dispel Undead
  9764 | D:8      | Learned a level 5 spell: Agony
 10108 | D:8      | Killed Erica
 10259 | D:8      | Killed a two-headed ogre
 11328 | D:9      | Noticed a two-headed ogre
 11356 | D:9      | Killed a two-headed ogre
 11357 | D:9      | Reached XP level 11. HP: 42/81 MP: 7/22
 11941 | D:9      | Found Arofraut's Weapon Shop.
 12014 | D:9      | Reached skill level 5 in Conjurations
 12014 | D:9      | Reached skill level 5 in Hexes
 12014 | D:9      | Reached skill level 5 in Summonings
 12014 | D:9      | Reached skill level 5 in Translocations
 12014 | D:9      | Reached skill level 5 in Transmutations
 12014 | D:9      | Reached skill level 5 in Fire Magic
 12014 | D:9      | Reached skill level 5 in Ice Magic
 12014 | D:9      | Reached skill level 5 in Air Magic
 12014 | D:9      | Reached skill level 5 in Earth Magic
 12014 | D:9      | Reached skill level 5 in Poison Magic
 12063 | D:9      | Found a runed translucent door.
 12065 | D:9      | Noticed a sixfirhy
 12228 | D:10     | Entered Level 10 of the Dungeon
 12356 | D:10     | Reached **** piety under Kikubaaqudgha
 12444 | D:10     | Noticed a skeletal warrior
 12444 | D:10     | Noticed a skeletal warrior
 12453 | D:10     | Killed a skeletal warrior
 12492 | D:10     | Upgraded the game from 0.27-a0-577-ge2a43ba to
                  | 0.27-a0-590-g9424416
 13121 | D:10     | Found a staircase to the Orcish Mines.
 13181 | D:10     | Found a staircase to the Lair.
 13183 | D:10     | Noticed a skeletal warrior
 13186 | D:10     | Killed a skeletal warrior
 13190 | D:10     | Killed a skeletal warrior
 13856 | D:10     | Found Ywkytuc's Antique Weapon Shop.
 13856 | D:10     | Noticed Erolcha
 13890 | D:10     | Killed Erolcha
 13937 | D:10     | Bought an iridescent scimitar for 207 gold pieces
 13937 | D:10     | Identified the +9 scimitar "Qosay" {speed, rElec rF+ Int+4}
                  | (You bought it in a shop on level 10 of the Dungeon)
 14076 | Lair:1   | Entered Level 1 of the Lair of Beasts
 14141 | Lair:1   | Reached ***** piety under Kikubaaqudgha
 14176 | Lair:1   | Reached XP level 12. HP: 71/89 MP: 13/24
 14365 | Lair:1   | Noticed Maggie
 14376 | Lair:1   | Killed Maggie
 15093 | Lair:1   | Noticed an eight-headed hydra
 15102 | Lair:1   | Killed an eight-headed hydra
 15846 | Lair:2   | Identified the Incunabulum of Excruciating Transformation
 15846 | Lair:2   | Noticed a six-headed hydra
 15860 | Lair:2   | Killed a six-headed hydra
 16377 | Lair:2   | Noticed a catoblepas
 16406 | Lair:2   | Identified the +3 ring mail "Iparaups" {rC+ Dex-4 Stlth+}
 16420 | Lair:2   | Found a runed translucent gate.
 16420 | Lair:2   | Found a runed translucent gate.
 16420 | Lair:2   | Found a runed translucent gate.
 16422 | Lair:2   | Found a viscous altar of Jiyva.
 16422 | Lair:2   | Noticed Zoobame's ghost (journeyman DEWz)
 16422 | Lair:2   | Noticed a death ooze
 16617 | Lair:2   | Killed a catoblepas
 18046 | Lair:3   | Learned a level 6 spell: Death Channel
 18096 | Lair:3   | Reached XP level 13. HP: 61/98 MP: 19/26
 18698 | Lair:3   | Found a staircase to the Shoals.
 19901 | Lair:4   | Found a runed translucent gate.
 19903 | Lair:4   | Found a runed translucent gate.
 19903 | Lair:4   | Found a runed translucent gate.
 20280 | Lair:4   | Found a hole to the Spider Nest.
 20534 | Lair:4   | Noticed Urug
 20589 | Lair:4   | Killed Urug
 20590 | Lair:4   | Reached skill level 10 in Necromancy
 20781 | Lair:4   | Noticed Wairalebb's ghost (journeyman BaFi)
 21597 | Lair:5   | Found a staircase to the Slime Pits.
 22013 | Lair:5   | Reached ****** piety under Kikubaaqudgha
 22591 | Lair:5   | Reached skill level 10 in Spellcasting
 22892 | Lair:6   | Entered Level 6 of the Lair of Beasts
 23696 | Lair:6   | Reached XP level 14. HP: 95/106 MP: 26/28
 23780 | Lair:6   | Reached skill level 10 in Dodging
 23803 | Lair:6   | Identified the ring of Fegoigot {rElec rN+ AC+4 SInv
                  | Stlth-}
 24359 | Lair:6   | Reached skill level 10 in Stealth
 24752 | Lair:6   | Reached skill level 10 in Invocations
 25303 | Lair:2   | Killed Zoobame's ghost
 25376 | Lair:2   | Identified the ring "Ginaaromm" {rElec rPois rC+ AC+4
                  | Str+4}
 25606 | Orc:1    | Entered Level 1 of the Orcish Mines
 25849 | Orc:1    | Noticed Grijm's ghost (journeyman DDIE)
 25863 | Orc:1    | Found a runed translucent gate.
 25863 | Orc:1    | Found a runed translucent gate.
 25865 | Orc:1    | Found a runed translucent gate.
 25883 | Orc:1    | Killed Grijm's ghost
 26514 | Orc:2    | Entered Level 2 of the Orcish Mines
 26664 | Orc:2    | Found a bloodstained altar of Trog.
 26731 | Orc:2    | Found a staircase to the Elven Halls.
 27094 | Orc:2    | Paralysed by an orc sorcerer for 5 turns
 27116 | Orc:2    | Gained mutation: You do not regenerate when monsters are
                  | visible. [a neqoxec]
 27123 | Orc:2    | Found Iwesad's Magic Scroll Shoppe.
 27163 | Orc:2    | Found a radiant altar of Vehumet.
 27205 | Orc:2    | Reached skill level 10 in Armour
 27218 | Orc:2    | Found Cygor's Jewellery Shoppe.
 27232 | Orc:2    | Found an ancient bone altar of Kikubaaqudgha.
 27251 | Orc:2    | Found Yhee's Magic Scroll Shoppe.
 27252 | Orc:2    | Found Walaimo's Antique Weapon Emporium.
 27639 | Orc:2    | Bought a scroll of torment for 97 gold pieces
 27662 | Orc:2    | Bought a translucent great sword for 402 gold pieces
 27662 | Orc:2    | Identified the +6 great sword "Roratze" {vorpal, rElec rN+}
                  | (You bought it in a shop on level 2 of the Orcish Mines)
 27914 | Spider:1 | Entered Level 1 of the Spider Nest
 27944 | Spider:1 | Reached XP level 15. HP: 26/115 MP: 26/29
 28294 | Lair:4   | Killed Wairalebb's ghost
 28805 | Lair:4   | Received a gift from Kikubaaqudgha
 28868 | Spider:1 | Identified the +7 flail "Kegyevig" {pain, rC++ Int+3 Dex-3
                  | Stlth+}
 29045 | Spider:1 | Reached skill level 10 in Fighting
 29045 | Spider:1 | Reached skill level 10 in Short Blades
 29045 | Spider:1 | Reached skill level 10 in Long Blades
 29045 | Spider:1 | Reached skill level 10 in Axes
 29045 | Spider:1 | Reached skill level 10 in Maces & Flails
 29045 | Spider:1 | Reached skill level 10 in Polearms
 29045 | Spider:1 | Reached skill level 10 in Staves
 29045 | Spider:1 | Reached skill level 10 in Slings
 29045 | Spider:1 | Reached skill level 10 in Bows
 29045 | Spider:1 | Reached skill level 10 in Crossbows
 29045 | Spider:1 | Reached skill level 10 in Throwing
 29045 | Spider:1 | Reached skill level 10 in Shields
 29045 | Spider:1 | Reached skill level 10 in Unarmed Combat
 29045 | Spider:1 | Reached skill level 10 in Evocations
 29966 | Spider:2 | Noticed a ghost moth
 30355 | Spider:1 | HP: 3/115 [spark wasp (13)]
 30355 | Spider:1 | Slain by a spark wasp

Illustrated notes

Levels and vault maps discovered:
D:1:      mrwooster_arrival_statue, layout_basic
D:2:      layout_basic, overflow_temple_1_default, lemuel_crystal_altar,
          uniq_terence
D:3:      layout_basic, lemuel_doored_altar, minivault_5,
          nemelex_lonely_heart_becter
D:4:      kennysheep_slugbush, layout_basic,
          chequers_temple_overflow_statue_of_worship
D:5:      layout_loops_cross, minmay_temple_entry_antechambers, uniq_duvessa
D:6:      minmay_chambers_of_sixes, layout_loops_ring,
          nicolae_overflow_crystal_walls, serial_shops, shop,
          nicolae_shop_overgrown_old_shop, shop, nicolae_shop_waterfront,
          kennysheep_generic_room_13, uniq_grinder, uniq_pikel
D:7:      layout_gridville, serial_shops, nicolae_shop_overgrown_old_shop,
          kennysheep_mini_moat, shop_statue, kennysheep_mini
D:8:      layout_rooms, chequers_mini_garden, uniq_erica, uniq_maurice,
          uniq_prince_ribbit1
D:9:      cheibrodos_shockbox, layout_basic, serial_shops, kennysheep_little_box
D:10:     layout_roguey, lair_entry_dummy, david_orc_4, serial_shops, shop,
          uniq_erolcha
Lair:1:   layout_concentric_octagons, uniq_maggie
Lair:2:   layout_chaotic_city, gammafunk_ghost_ooze, serial_bayou_shore_a,
          infiniplex_staircase_pool_2, grunt_megastairs_3, lemuel_fruit_fields
Lair:3:   layout_cave_pods, elwin_shoals_entry_stream
Lair:4:   layout_cave_pods, spider_nest_entry_funnel_web, gammafunk_ghost_icy,
          grunt_megastairs_2, lemuel_fruit_tree, uniq_urug
Lair:5:   layout_roguey, minmay_slime_entry_pillars, kennysheep_basilisk_garden,
          lemuel_fruit_fields, lemuel_fruit_fields
Lair:6:   hangedman_lair_tendril_chambers, layout_long_grid,
          guppyfry_lair_end_dragon, st_stairs_12
Spider:1: layout_spider_delve, hangedman_spider_tarantella_strand
Spider:2: layout_spider_delve, gammafunk_ghost_split,
          nicolae_looking_at_the_future, uniq_frances
Orc:1:    layout_caves, gammafunk_ghost_split, nicolae_orc_stony_grotto
Orc:2:    kennysheep_orc_mage_school, layout_diamond_mine, bloody_trog

Skill      XL: |  1  2  3  4  5  6  7  8  9 10 11 12 13 14 15 |
---------------+----------------------------------------------+-----
Spellcasting   | 5 6 7 8 9 10 11 | 11.2
Invocations    | 1 2 3 4 5 6 7 8 9 10 11 | 11.0
Fighting       | 1 2 3 4 5 6 7 8 9 10 | 10.1
Short Blades   | 1 2 3 4 5 6 7 8 9 10 | 10.1
Long Blades    | 1 2 3 4 5 6 7 8 9 10 | 10.1
Axes           | 1 2 3 4 5 6 7 8 9 10 | 10.1
Maces & Flails | 1 2 3 4 5 6 7 8 9 10 | 10.1
Polearms       | 1 2 3 4 5 6 7 8 9 10 | 10.1
Staves         | 1 2 3 4 5 6 7 8 9 10 | 10.1
Slings         | 1 2 3 4 5 6 7 8 9 10 | 10.1
Bows           | 1 2 3 4 5 6 7 8 9 10 | 10.1
Crossbows      | 1 2 3 4 5 6 7 8 9 10 | 10.1
Throwing       | 1 2 3 4 5 6 7 8 9 10 | 10.1
Armour         | 1 2 3 4 5 6 7 8 10 | 10.9
Shields        | 1 2 3 4 5 6 7 8 9 10 | 10.1
Unarmed Combat | 1 2 3 4 5 6 7 8 9 10 | 10.1
Evocations     | 1 2 3 4 5 6 7 8 9 10 | 10.1
Conjurations   | 1 2 3 4 5 6 7 8 |  8.5
Hexes          | 1 2 3 4 5 6 7 8 |  8.5
Summonings     | 1 2 3 4 5 6 7 8 |  8.5
Translocations | 1 2 3 4 5 6 7 8 9 |  9.1
Transmutations | 1 2 3 4 5 6 7 8 |  8.5
Fire Magic     | 1 2 3 4 5 6 7 8 |  8.5
Ice Magic      | 1 2 3 4 5 6 7 8 |  8.5
Air Magic      | 1 2 3 4 5 6 7 8 |  8.5
Earth Magic    | 1 2 3 4 5 6 7 8 |  8.5
Poison Magic   | 1 2 3 4 5 6 7 8 |  8.5
Dodging        | 5 6 7 8 9 10 11 | 11.0
Stealth        | 5 6 7 8 9 10 | 10.9
Necromancy     | 8 9 10 11 | 11.0

Action                   |  1- 3 |  4- 6 |  7- 9 | 10-12 | 13-15 || total
-------------------------+-------+-------+-------+-------+-------++-------
Melee: Unarmed           |     2 |       |       |       |       ||     2
       Bite              |     1 |     6 |     2 |    67 |    93 ||   169
       Dagger            |     1 |    88 |       |    93 |       ||   182
       Short sword       |       |     7 |   152 |   326 |    46 ||   531
       Punch             |       |       |     2 |    13 |    47 ||    62
       Scimitar          |       |       |       |   304 |  1016 ||  1320
 Fire: Hunting sling     |       |     3 |       |       |       ||     3
 Cast: Pain              |    62 |   125 |   112 |    41 |     3 ||   343
       Vampiric Draining |       |    13 |    15 |    55 |    71 ||   154
       Animate Dead      |       |       |     2 |    10 |     5 ||    17
       Dispel Undead     |       |       |       |     8 |    10 ||    18
       Agony             |       |       |       |    12 |     1 ||    13
       Death Channel     |       |       |       |     1 |    50 ||    51
Invok: Receive Corpses   |       |       |     1 |       |       ||     1
       Receive Necronomi |       |       |       |       |     1 ||     1
Evoke: Lightning rod     |       |       |       |     3 |     4 ||     7
       Wand              |       |       |       |     3 |     1 ||     4
       Box of beasts     |       |       |       |       |     1 ||     1
  Use: Scroll            |     3 |     5 |    10 |     9 |     8 ||    35
       Potion            |       |       |       |       |     6 ||     6
 Stab: Sleeping          |     1 |       |     1 |    11 |    10 ||    23
       Distracted        |       |       |     1 |     1 |    20 ||    22
Armor: Robe              |     2 |    18 |       |       |       ||    20
       Leather armour    |       |     5 |    65 |   141 |       ||   211
       Steam dragon scal |       |       |       |    84 |   462 ||   546
       Acid dragon scale |       |       |       |       |   150 ||   150
Dodge: Dodged            |    14 |    66 |    86 |   441 |   894 ||  1501
Block: Other             |       |       |     4 |   138 |    79 ||   221
       Rpst.: Scimitar   |       |       |       |    61 |   198 ||   259

Table legend: (Time is in decaauts)
 A = Elapsed time spent in this place.
 B = Non-inter-level travel time spent in this place.
 C = Inter-level travel time spent in this place.
 D = Time resting spent in this place.
 E = Time spent auto-exploring this place.
 F = Levels seen in this place.
 G = Mean time per level.
                   A        B        C        D        E       F      G
               +--------+--------+--------+--------+--------+-----+--------+
         Total |  29855 |  27940 |   1915 |   3786 |  17523 |  20 | 1492.8 |
       Dungeon |  14112 |  13092 |   1020 |   1316 |   9174 |  10 | 1411.2 |
          Lair |  12092 |  11339 |    753 |   2300 |   6327 |   6 | 2015.3 |
   Spider Nest |   1566 |   1503 |     63 |    170 |    770 |   2 |  783.0 |
  Orcish Mines |   2083 |   2005 |     78 |      0 |   1250 |   2 | 1041.5 |
               +--------+--------+--------+--------+--------+-----+--------+

Top non-repeatable levels by time:
  Lair:4: 2492 daAuts
  Lair:5: 2100 daAuts
  Lair:3: 2096 daAuts
     D:3: 2080 daAuts
  Lair:1: 1923 daAuts
  Lair:6: 1843 daAuts
     D:9: 1784 daAuts
     D:6: 1709 daAuts
  Lair:2: 1636 daAuts
    D:10: 1498 daAuts
Spider:1: 1473 daAuts
     D:2: 1378 daAuts
     D:8: 1274 daAuts
     D:7: 1263 daAuts
     D:4: 1253 daAuts
